Map: Blackpink LE

Players

Future - Winner!

  • Race: Zerg Zerg
  • League: Diamond
  • Spawn Location: 7:00

axu

  • Race: Protoss Protoss
  • League: Platinum
  • Spawn Location: 1:00

VOD

Have the link to the VOD?

Description

Time

  • Played on: March 13, 2018, 11:34 a.m.
  • Length: 11:21
Show
View Real Time Build Order
Export as new Build Order

Future Zerg - Winner!

Build Orders: Hatch First 

Get SALT Encoding   

  12  0:02  Drone  
  13  0:12  Drone  
  14  0:17  Overlord  
  14  0:35  Drone x3  
  17  0:57  Hatchery  
  16  1:07  Spawning Pool  
  16  1:10  Drone  
  16  1:13  Extractor  
  16  1:16  Drone  
  16  1:22  Drone  
  17  1:27  Drone  
  18  1:46  Overlord  
  18  1:47  Drone  
  19  2:07  Queen  
  21  2:09  Hatchery  
  20  2:18  Queen  
  22  2:30  Metabolic Boost  
  22  2:31  Zergling x2  
  22  2:33  Zergling x2  
  24  2:38  Drone  
  24  2:40  Drone  
  24  2:43  Drone  
  27  2:54  Drone  
  27  2:58  Drone x3  
  30  3:01  Drone  
  32  3:06  Drone  
  33  3:13  Overlord  
  33  3:19  Drone x3  
  36  3:20  Overlord  
  35  3:27  Zergling x2  
  35  3:28  Zergling x2  
  35  3:29  Queen  
  38  3:42  Overlord  
  38  3:45  Drone x2  
  40  3:48  Drone  
  40  3:49  Drone x5  
  40  3:51  Drone  
  47  4:04  Extractor  
  45  4:10  Baneling Nest, Roach Warren, Extractor  
  42  4:18  Drone x3  
  42  4:22  Drone x4  
  49  4:35  Pneumatized Carapace  
  49  4:39  Drone  
  49  4:42  Spore Crawler  
  49  4:44  Spore Crawler  
  48  4:46  Spore Crawler  
  48  4:48  Queen  
  48  4:49  Overlord x4  
  49  4:56  Drone x4  
  49  4:59  Drone x2  
  56  5:00  Drone  
  56  5:13  Spine Crawler  
  55  5:14  Spine Crawler  
  55  5:17  Drone x2, Spine Crawler  
  55  5:23  Spine Crawler  
  55  5:24  Spine Crawler  
  53  5:29  Drone x5  
  53  5:32  Extractor  
  53  5:33  Lair  
  57  5:41  Drone x2  
  59  5:49  Drone x4  
  64  5:50  Drone x2, Spine Crawler x2  
  63  6:04  Zergling x2  
  63  6:05  Zergling x18  
  73  6:29  Zergling x2  
  73  6:30  Zergling x16  
  82  6:35  Hatchery  
  81  6:42  Roach  
  81  6:43  Roach x4  
  91  6:47  Roach  
  86  7:15  Drone  
  86  7:16  Drone x3  
  85  7:37  Hatchery, Extractor  
  85  7:39  Extractor  
  82  7:50  Roach x11  
  82  7:51  Roach x2  
  103  7:54  Overlord x4  
  103  7:55  Overlord  
  100  8:10  Zergling x10  
  100  8:12  Overlord x3  
  103  8:13  Overlord  
  103  8:15  Spire  
  92  8:37  Drone x4  
  96  8:45  Overseer x2  
  96  8:58  Roach x10  
  96  8:59  Roach x6  
  128  9:14  Drone  
  128  9:15  Drone x2, Spine Crawler  
  128  9:16  Spine Crawler  
  129  9:20  Drone x2  
  131  9:29  Baneling  
  131  9:30  Mutalisk, Baneling x9  
  133  9:31  Mutalisk x11  
  133  9:33  Spine Crawler  
  133  9:35  Spine Crawler  
  153  9:41  Drone x3  
  153  9:43  Drone x2  
  156  10:11  Mutalisk  
  156  10:12  Mutalisk x9  
  172  10:15  Zergling x4  
  172  10:16  Overlord x5  
  121  10:50  Mutalisk  
  121  10:51  Mutalisk x5  
  121  10:53  Zergling x18  
  121  10:54  Zergling x8  
Show
View Real Time Build Order
Export as new Build Order

axu Protoss 

Build Orders:  

Get SALT Encoding   

  12  0:00  Probe  
  13  0:13  Probe  
  14  0:22  Pylon  
  14  0:25  Probe  
  15  0:40  Probe  
  16  0:52  Probe  
  16  0:54  Gateway  
  17  1:04  Assimilator, Probe  
  18  1:17  Probe (Chrono Boost)  
  19  1:29  Probe (Chrono Boost)  
  20  1:48  Nexus  
  20  1:52  Cybernetics Core  
  20  2:05  Pylon  
  20  2:06  Probe  
  21  2:12  Assimilator  
  21  2:19  Probe (Chrono Boost)  
  22  2:29  Warp Gate (Chrono Boost)  
  23  2:31  Probe (Chrono Boost)  
  23  2:33  Adept  
  25  2:39  Gateway  
  25  2:50  Probe  
  26  3:01  Adept  
  26  3:03  Probe  
  29  3:07  Twilight Council  
  29  3:12  Probe  
  30  3:15  Probe  
  31  3:24  Probe  
  32  3:45  Probe x2  
  32  3:47  Adept x2  
  36  3:57  Probe  
  36  3:58  Probe  
  36  4:01  Pylon  
  37  4:17  Shield Battery  
  37  4:22  Shield Battery  
  37  4:33  Robotics Facility  
  37  4:35  Gateway  
  37  4:36  Gateway  
  37  4:38  Gateway  
  37  4:39  Probe x2  
  37  4:41  Gateway, Resonating Glaives (Chrono Boost)  
  37  4:44  Gateway  
  39  4:51  Probe (Chrono Boost)  
  39  4:52  Probe (Chrono Boost)  
  41  5:04  Probe x2 (Chrono Boost)  
  43  5:08  Assimilator  
  43  5:11  Probe x2 (Chrono Boost)  
  43  5:12  Pylon  
  45  5:15  Pylon  
  45  5:17  Forge  
  45  5:22  Probe x2, Forge  
  47  5:32  Observer  
  47  5:34  Adept  
  47  5:35  Adept x5  
  58  5:37  Adept  
  58  5:40  Probe x2  
  64  5:50  Warp Prism (Chrono Boost)  
  67  5:57  Probe x2  
  67  6:03  Assimilator  
  68  6:09  Probe x2  
  70  6:19  Pylon  
  70  6:22  Pylon  
  70  6:25  Pylon x2  
  70  6:30  Pylon  
  70  6:39  Immortal  
  74  6:59  Adept x4  
  74  7:00  Adept x3  
  78  7:07  Protoss Ground Weapons Level 1 (Chrono Boost)  
  78  7:08  Protoss Ground Armor Level 1 (Chrono Boost)  
  74  7:14  Nexus  
  74  7:18  Pylon  
  74  7:20  Pylon  
  74  7:27  Immortal  
  68  7:43  Adept x4  
  68  7:44  Adept x2  
  76  7:46  Adept  
  62  8:06  Immortal  
  62  8:11  Adept x4  
  62  8:12  Adept x3  
  72  8:25  Probe x2  
  72  8:26  Probe  
  73  8:31  Shield Battery x2  
  73  8:33  Shield Battery  
  73  8:36  Stalker x2  
  73  8:37  Probe  
  78  8:57  Templar Archives  
  78  9:00  Protoss Ground Weapons Level 2  
  78  9:01  Protoss Ground Armor Level 2  
  78  9:07  Assimilator  
  78  9:09  Assimilator  
  78  9:13  Immortal  
  82  9:17  Charge  
  82  9:23  Probe x3  
  85  9:31  Psionic Storm  
  85  9:35  High Templar x2, Probe x2 (Chrono Boost)  
  85  9:36  Probe (Chrono Boost)  
  92  9:47  Probe (Chrono Boost)  
  92  9:48  Probe x2 (Chrono Boost)  
  95  9:53  High Templar x2, Probe (Chrono Boost)  
  95  9:57  Adept x2  
  95  9:58  Adept  
  106  10:13  Probe x3  
  109  10:17  Adept x2  
  109  10:19  Sentry x3  
  119  10:27  Stalker x2  
  71  10:43  Stalker x3  
  71  10:44  Stalker x2  
  73  10:50  Photon Cannon  
  73  10:52  Photon Cannon  
  73  10:53  Photon Cannon x2  
  66  11:00  Stalker  
  66  11:01  Stalker  
  69  11:11  Photon Cannon  
  67  11:14  Photon Cannon  
Tags
 
Add a new tag
Caveats
  • Supply blocks, unpowered buildings, or Contaminate may cause inaccurate times.
  • Supply counts are checked every 10 seconds.